Bacon, neutral female sylph Healer ---- |<.---- |...|.---------- -->.)..G.......| |.d@..------- - --.h.-- -h.*| ....| ----- Bacon the Rhizotomist Experience level: 1 Strength: 10 Dexterity: 8 Constitution: 13 Intelligence: 9 Wisdom: 17 Charisma: 18 Health: 0(13) Energy: 4(4) Def: 0 Gold: 1506 Moves: 1084 Dungeon seed: qmWY7uO7a5KLMt4b Game ID: Bacon_1512232699 Your Inventory: Coins $ - 1506 gold pieces Weapons a - an uncursed +0 scalpel (weapon in hand) Armor e - an uncursed +1 pair of leather gloves Comestibles j - 4 blessed eucalyptus leaves k - 2 blessed sprigs of wolfsbane l - 3 blessed cloves of garlic m - 7 uncursed apples q - 2 uncursed food rations r - a blessed eucalyptus leaf v - 3 uncursed lichen corpses Spellbooks g - a blessed spellbook of healing h - a blessed spellbook of extra healing i - a blessed spellbook of stone to flesh Potions c - 5 uncursed potions of healing d - 4 uncursed potions of extra healing o - an uncursed potion of gain energy t - an uncursed potion of monster detection x - an uncursed potion of blindness Rings w - an uncursed -1 ring of gain strength B - an uncursed ring of levitation Wands f - an uncursed wand of sleep (0:5) Tools b - an uncursed stethoscope p - an uncursed magic harp (0:0) z - an uncursed tin whistle Gems n - an uncursed worthless piece of red glass y - 3 uncursed worthless pieces of blue glass Spells and supernatural/magical abilities: Name Level Category Fail Memory h - healing 1 healing 8% 95% x - extra healing 3 healing 100% 95% S - stone to flesh 3 healing 100% 95% W - pray for help -- divine ? -- Your skills at the end: Miscellaneous Skills wands [Basic] Weapon Skills knife [Basic] Spellcasting Skills healing spells [Basic] Final Attributes: You were devoutly aligned. You were poison resistant. You saw invisible. You were stealthy. You were protected from shape changers. You are dead. Vanquished creatures: 2 gnomes 6 jackals 2 newts 2 sewer rats 3 grid bugs 6 lichens 3 kobold zombies 24 creatures vanquished. Voluntary challenges: You followed a strict vegan diet. You wore only your undergarments. You did not cause conflict. You were not invisible. You did not have reflection. You were not displaced. You were an atheist. You used a wielded weapon 22 times, starting on turn 14. You did not use containers. You did not apply a unicorn horn. You did not use plumbed fixtures. You did not drink any magical draughts. You read items or engraved 2 times, starting on turn 372. You never genocided any monsters. You never polymorphed an object. You never changed form. You used no wishes. You never split a pudding. You never wrote Elbereth's name. You never violated your personal moral code. Dungeon overview: The Dungeons of Doom: levels 1 to 2 Level 1 some fountains a long staircase Level 2 an armor shop stairs to The Gnomish Mines The Gnomish Mines: Level 3 <- You were here stairs to The Dungeons of Doom History has recorded: On T:1 you entered the Dungeons of Doom to retrieve the Amulet of Yendor! On T:472 you reached level 2 of The Dungeons of Doom. On T:1060 you reached level 1 of The Gnomish Mines. Score breakdown: Gold: 19 ( 1 points) Experience: 1 level ( 0 points) Exploration: 3 levels ( 60 points) Discoveries: 2 items ( 100 points) Variety of kills: 7 monsters ( 350 points) Major goal: (nothing yet) ( 0 points) Survival: died (score multiplied by 3) Total score: 1533 Latest messages: Ren bites the gnome. The gnome misses Ren. Ren bites the gnome. The gnome is killed! Ren drops a thonged club. Ren misses the dwarf. Ren bites the dwarf. The dwarf wields a pick-axe! Ren misses the dwarf. The hobbit throws a runed dagger! The runed dagger misses Ren. The dwarf swings her pick-axe at Ren. The dwarf misses Ren. Ren bites the dwarf. Ren misses the dwarf. The dwarf throws a dagger! The dagger misses the gnome. You are hit by a dagger! Ren misses the dwarf. The dwarf swings her pick-axe at you. The dwarf hits you! You die... Final status: Goodbye Bacon the Healer, killed by a dwarf... You died in The Gnomish Mines on dungeon level 3 with 1533 points, and 1506 pieces of gold, after 1084 moves. You were level 1 with a maximum of 13 hit points when you died.